 Dungeon Crawl Stone Soup version 0.27-a0-1046-g98bf31544f (webtiles) character file.

Game seed: 8837753048201085354

16 porpoise the Magician (level 2, -2/22 HPs)
             Began as a Djinni Earth Elementalist on Apr 20, 2021.
             Slain by a scorpion (5 damage)
             ... on level 2 of the Dungeon.
             The game lasted 00:03:32 (1349 turns).

porpoise the Magician (Djinni Earth Elementalist)   Turns: 1349, Time: 00:03:33

Health: -2/22      AC:  2    Str:  7    XL:     2   Next: 58%
Gold:   48         EV: 12    Int: 16    God:
                   SH:  0    Dex: 13

rFire    + + .     SeeInvis .   b - +0 hunting sling
rCold    x . .     Faith    .   (no shield)
rNeg     . . .     Spirit   .   i - +0 robe
rPois    ∞         Reflect  .   (no helmet)
rElec    .         Harm     .   (no cloak)
rCorr    .         Rampage  .   (no gloves)
Will     .....                  (boots unavailable)
Stlth    ++........             (no amulet)
HPRegen  0.07/turn              (no ring)
MPRegen  0.00/turn              (no ring)

@: flying, very slightly contaminated
A: fire resistance 2, cold vulnerability 1, float, innate caster, hp casting,
extra vitality 1
a: no special abilities


You were on level 2 of the Dungeon.
You visited 1 branch of the dungeon, and saw 2 of its levels.

You collected 48 gold pieces.

Inventory:

Hand Weapons
 a - a +0 short sword of venom
 b - a +0 hunting sling (weapon)
Missiles
 f - 17 sling bullets (quivered ammo)
 k - 16 arrows
 v - 81 stones
Armour
 i - a +0 robe (worn)
Magical Staves
 e - a staff of air
Scrolls
 c - a scroll of brand weapon {unknown}
 d - a scroll of enchant weapon {unknown}
 g - 2 scrolls of enchant armour {unknown}
Potions
 h - a potion of attraction {unknown}
 j - a potion of curing {unknown}


   Skills:
 + Level 1.3 Fighting
 - Level 2.1 Dodging
 - Level 1.5 Stealth
 + Level 3.0 Spellcasting


You couldn't memorise any spells.
You knew the following spells:

 Your Spells              Type           Power      Damage    Failure   Level
a - Sandblast             Erth           24%        2d8       5%          1
c - Stone Arrow           Conj/Erth      24%        3d8       16%         3
d - Lee's Rapid Deconstr  Erth           6%         3d7*      82%         5
e - Petrify               Tmut/Erth      12%        N/A       45%         4
w - Passwall              Tmut/Erth      10%        N/A       8%          2
Your spell library was empty.

Dungeon Overview and Level Annotations

Branches:
Dungeon (2/15)

Altars:


Innate Abilities, Weirdness & Mutations

You are immune to poison.
Your flesh is very heat resistant. (rF++)
You are vulnerable to cold. (rC-)
You float through the air rather than walking.
You learn spells naturally, not from books.
Your magical power is your life essence.
You have superior vitality. (+4 HP)


Message History

The scorpion stings you!
Casting: Sandblast (safe; 5% risk of failure)
Confirm with . or Enter, or press ? or * to list all spells.
Aiming: Sandblast (safe; 5% risk of failure)
Press: ? - help, Shift-Dir - straight line, f/p - scorpion
Aim: a scorpion (moderately wounded, 79% to hit)
The blast of sand hits the scorpion but does no damage.
The scorpion is moderately wounded.
v - 83 stones The scorpion barely misses you.
Casting: Sandblast (safe; 5% risk of failure)
Confirm with . or Enter, or press ? or * to list all spells.
Aiming: Sandblast (safe; 5% risk of failure)
Press: ? - help, Shift-Dir - straight line, f/p - scorpion
Aim: a scorpion (moderately wounded, 79% to hit)
The blast of sand hits the scorpion but does no damage.
The scorpion is moderately wounded.
v - 82 stones The scorpion stings you.
* * * LOW HITPOINT WARNING * * *
Casting: Sandblast (safe; 5% risk of failure)
Confirm with . or Enter, or press ? or * to list all spells.
Aiming: Sandblast (safe; 5% risk of failure)
Press: ? - help, Shift-Dir - straight line, f/p - scorpion
Aim: a scorpion (moderately wounded, 79% to hit)
The blast of sand hits the scorpion.
The scorpion is severely wounded.
v - 81 stones
* * * LOW HITPOINT WARNING * * *
The scorpion closely misses you.
The scorpion stings you but does no damage.
Casting: Sandblast (safe; 5% risk of failure)
Confirm with . or Enter, or press ? or * to list all spells.
Aiming: Sandblast (safe; 5% risk of failure)
Press: ? - help, Shift-Dir - straight line, f/p - scorpion
Aim: a scorpion (heavily wounded, 79% to hit)
You miscast Sandblast.
Nothing appears to happen.
* * * LOW HITPOINT WARNING * * *
The scorpion stings you.
You die...

#####...#.......#
#.............#.#
#.###.###.##...#.# #.# #.#
#.#####.## #.# #.# #.# .# #.#
##^.. #.# #.# #.# .###.###...##
#.# #.# #.# .....(#.....# #.###.#
#.#####............# #.#...#
#.....@s.....#.....##
###...#.#########.###......>..###
#............ ................#
#†###..###.# #.###.....<<.....
...........# #.# #.####.#..###
#..........# ###.###.# #.#..###
#..........## #<......# #.......
#.###[......# #.#.##########.....
#...........# #.#............####


You could see a scorpion.

Vanquished Creatures
  A dart slug (D:1)
  An endoplasm (D:1)
  A giant cockroach (D:2)
  A hobgoblin (D:1)
  4 kobolds (D:1)
  A quokka (D:1)
  2 ball pythons (D:1)
  A frilled lizard (D:1)
  A rat (D:1)
13 creatures vanquished.

Notes
Turn   | Place    | Note
-------+----------+-------------------------------------------
     0 | D:1      | porpoise the Djinni Earth Elementalist began the quest for
                  | the Orb.
     0 | D:1      | Reached XP level 1. HP: 15/15 MP: 0/0
   355 | D:1      | Reached skill level 1 in Fighting
   355 | D:1      | Reached XP level 2. HP: 20/22 MP: 0/0
   706 | D:1      | Reached skill level 3 in Spellcasting
  1245 | D:2      | Found a faded altar of an unknown god.
  1340 | D:2      | Noticed a scorpion
  1349 | D:2      | Slain by a scorpion

Illustrated notes

Levels and vault maps discovered:
D:1:      onia_arrival_pentagram, layout_basic
D:2:      minmay_skewed_foursquare, layout_loops_ring,
          hellmonk_ecumenical_altar_lost_god, basic_altar,
          uniq_crazy_yiuf_cottage, uniq_sigmund

Skill      XL: |  1  2 |
---------------+-------+-----
Fighting       | 1 |  1.3
Spellcasting   | 3 |  3.0
Dodging        | |  2.1
Stealth        | |  1.5

Action                   || total
-------------------------++-------
Melee: Short sword       ||    15
       Unarmed           ||     4
       Dagger            ||     2
 Fire: Hunting sling     ||     2
 Cast: Sandblast         ||    13
 Stab: Sleeping          ||     2
Armor: Robe              ||     4
Dodge: Dodged            ||    16

Table legend: (Time is in decaauts)
 A = Elapsed time spent in this place.
 B = Non-inter-level travel time spent in this place.
 C = Inter-level travel time spent in this place.
 D = Time resting spent in this place.
 E = Time spent auto-exploring this place.
 F = Levels seen in this place.
 G = Mean time per level.
                   A        B        C        D        E       F      G
               +--------+--------+--------+--------+--------+-----+--------+
         Total |   1349 |   1290 |     59 |    328 |    816 |   2 |  674.5 |
       Dungeon |   1349 |   1290 |     59 |    328 |    816 |   2 |  674.5 |
               +--------+--------+--------+--------+--------+-----+--------+

Top non-repeatable levels by time:
     D:1: 1218 daAuts
     D:2: 130 daAuts
